 Dungeon Crawl Stone Soup version 0.24.0-125-gc4c63601f3 (webtiles) character file.

Game seed: 5694445943558419184, levelgen mode: deterministic

969 LraC the Slinger (level 8, -19/54 HPs)
             Began as a Halfling Hunter on Mar 10, 2020.
             Demolished by an orc warrior
             ... wielding a +0 flail
              (25 damage)
             ... on level 6 of the Dungeon.
             The game lasted 00:23:09 (3750 turns).

LraC the Slinger (Halfling Hunter)                  Turns: 3750, Time: 00:23:09

Health: -19/54     AC:  7    Str: 13      XL:     8   Next: 38%
Magic:  8/8        EV: 15    Int: 10      God:
Gold:   285        SH:  0    Dex: 14 (16) Spells: 7/7 levels left

rFire    x . .     SeeInvis .   r - +2 dagger (vamp)
rCold    + . .     Gourm    .   (shield restricted)
rNeg     . . .     Faith    .   c - +1 leather armour
rPois    .         Spirit   .   d - +0 helmet
rElec    .         Reflect  .   (no cloak)
rCorr    .         Harm     .   (no gloves)
MR       .....                  (no boots)
Stlth    ++........             (no amulet)
HPRegen  0.18/turn              k - ring of ice
MPRegen  0.11/turn              (no ring)

@: no status effects
A: small, icy blue scales 1, mutation resistance 1
a: no special abilities


You were on level 6 of the Dungeon.
You were not hungry.

You visited 1 branch of the dungeon, and saw 6 of its levels.

You collected 285 gold pieces.

Inventory:

Hand Weapons
 a - a +2 hunting sling
 b - a +0 short sword
 i - a +2 vampiric scythe
 m - a +2 dagger of draining
 r - a +2 vampiric dagger (weapon)
Missiles
 g - 6 curare-tipped darts (quivered)
 h - 196 stones
 j - 3 boomerangs
 q - 4 sling bullets
Armour
 c - a +1 leather armour (worn)
 d - a +0 helmet (worn)
Jewellery
 k - a ring of ice (left hand)
Scrolls
 l - a scroll of enchant armour
 n - a scroll of identify
 o - a scroll of amnesia
 p - a scroll of remove curse
Comestibles
 f - 12 rations


   Skills:
 + Level 4.0 Fighting
 + Level 2.1 Short Blades
 + Level 11.3 Slings
 + Level 2.4 Armour
 + Level 3.2 Dodging
 + Level 1.8 Stealth


You had 7 spell levels left.
You didn't know any spells.
Your spell library was empty.

Dungeon Overview and Level Annotations

Branches:
Dungeon (6/15)
 Temple: D:4-7

Altars:
Cheibriados
Dithmenos
Gozag
Okawaru
Zin
The Shining One

Shops:
D:4 (

Annotations:
D:6 Eustachio


Innate Abilities, Weirdness & Mutations

You are small and have problems with some larger weapons.
You are somewhat resistant to further mutation.
You are partially covered in icy blue scales. (AC +2)


Message History

The hound bites you but does no damage. The bat closely misses you.
The bullfrog skeleton hits you. The rat closely misses you.
The hound misses you. The iguana misses you.
You completely miss the hound.
The hound is almost dead.
The bat misses you. The bullfrog skeleton hits you. The bat misses you.
The rat misses you. The hound completely misses you. The iguana bites you!
* * * LOW HITPOINT WARNING * * *
The orc warrior hits you with a +0 flail.
* * * LOW HITPOINT WARNING * * *
The bullfrog skeleton misses you. The bat hits you but does no damage.
The bat misses you. The hound barely misses you. The rat closely misses you.
The hound bites you but does no damage.
The bat closely misses you. x2; The rat misses you.
You hit the bat.
You kill the bat!
The bat's corpse disappears in a puff of smoke!
The orc warrior hits you with a +0 flail!!
You die...

######### #.......# ..
#.......# .# #.......# #.#
#.......#####.###
####............#
###......5.....#
#######lrb...........#
......oho@ยง..........#
##.....oZ............#####
...(....o.................
.#..(...#.##......<..#####
#.(((......########.#
.......#.............#
#......#..#.########.#
#.(....#..#.#(. #.#
#..#.#.##.#.#.#


You could see an orc warrior, an iguana, a hound, an orc wizard, a quasit, 2
orcs, a bat, a rat and a bullfrog skeleton.

Vanquished Creatures
  Sigmund (D:4)
  An ogre (D:4)
  A centaur (D:6)
  2 bullfrogs (D:6)
  A scorpion (D:4)
  A centaur skeleton (D:6)
  A hound (D:6)
  A gnoll shaman (D:4)
  An iguana (D:4)
  4 worker ants
  A hound skeleton (D:4)
  8 gnolls
  5 adders
  A howler monkey skeleton (D:5)
  2 oozes
  6 worms
  5 dart slugs
  4 leopard geckos
  5 bats
  4 giant cockroaches
  11 goblins
  2 hobgoblins (D:2)
  5 quokkas
  3 ball pythons
  4 frilled lizards
  11 kobolds
  A leopard gecko skeleton (D:5)
  8 rats
100 creatures vanquished.

Notes
Turn   | Place    | Note
-------+----------+-------------------------------------------
     0 | D:1      | LraC the Halfling Hunter began the quest for the Orb.
     0 | D:1      | Reached XP level 1. HP: 14/14 MP: 1/1
   140 | D:1      | Reached skill level 6 in Slings
   155 | D:1      | Reached XP level 2. HP: 11/19 MP: 2/2
   763 | D:2      | Reached XP level 3. HP: 24/24 MP: 3/3
   783 | D:2      | Reached skill level 7 in Slings
   851 | D:2      | Reached XP level 4. HP: 29/29 MP: 4/4
   932 | D:2      | Gained mutation: You are partially covered in icy blue
                  | scales. (AC +2) [potion of mutation]
  1060 | D:2      | Reached skill level 8 in Slings
  1060 | D:2      | Reached XP level 5. HP: 34/34 MP: 5/5
  1393 | D:2      | Found an opulent altar of Gozag.
  1394 | D:2      | Found a glowing silver altar of Zin.
  1869 | D:3      | Found a snail-covered altar of Cheibriados.
  2231 | D:4      | Found a glowing golden altar of the Shining One.
  2253 | D:4      | Noticed an ogre
  2258 | D:4      | Killed an ogre
  2258 | D:4      | Reached skill level 9 in Slings
  2258 | D:4      | Reached skill level 1 in Armour
  2258 | D:4      | Reached XP level 6. HP: 41/41 MP: 6/6
  2477 | D:4      | Reached XP level 7. HP: 41/46 MP: 7/7
  2503 | D:4      | Noticed Sigmund
  2528 | D:4      | Killed Sigmund
  2528 | D:4      | Reached skill level 1 in Short Blades
  2528 | D:4      | Reached skill level 10 in Slings
  2839 | D:4      | Found Femywa's Weapon Emporium.
  3113 | D:5      | Entered Level 5 of the Dungeon
  3475 | D:6      | Reached XP level 8. HP: 54/54 MP: 8/8
  3512 | D:6      | Found a shadowy altar of Dithmenos.
  3515 | D:6      | Found an iron altar of Okawaru.
  3524 | D:6      | Reached skill level 11 in Slings
  3715 | D:6      | Noticed Eustachio
  3750 | D:6      | Demolished by an orc warrior

Levels and vault maps discovered:
D:1:      scummos_arrival_gate, layout_basic, grunt_decor_mini_mirrors
D:2:      layout_loops_ring, grunt_temple_overflow_gold_and_silver,
          corexii_item_surrounded_by_moat, minmay_indecisive_spiral
D:3:      layout_basic, kennysheep_slug_shrine, first_ration
D:4:      layout_cave_pools, serial_shops, kennysheep_little_box,
          tso_metal_star, uniq_sigmund
D:5:      layout_rooms
D:6:      layout_basic, grunt_temple_overflow_open, temple_pool_b,
          uniq_eustachio

Skill      XL: |  1  2  3  4  5  6  7  8 |
---------------+-------------------------+-----
Slings         | 6 7 8 9 10 11 | 11.3
Fighting       | 2 3 4 |  4.0
Armour         | 1 2 |  2.4
Short Blades   | 1 2 |  2.1
Dodging        | 3 |  3.2
Stealth        | |  1.8

Action                   |  1- 3 |  4- 6 |  7- 9 || total
-------------------------+-------+-------+-------++-------
Melee: Dagger            |       |    19 |    30 ||    49
 Fire: Hunting sling     |    62 |   161 |   103 ||   326
  Use: Potion            |     6 |     3 |     3 ||    12
       Scroll            |     2 |     6 |     4 ||    12
  Eat: Ration            |       |     2 |     1 ||     3
Armor: Leather armour    |     3 |    12 |    35 ||    50
Dodge: Dodged            |     7 |    62 |   132 ||   201
